[Event "Titled Tuesday Blitz March 22 Late 2022"]
[White "Cappai, Davide"]
[Black "Sochacki, Christophe"]
[WhiteFideId "813338"]
[BlackFideId "662569"]
[WhiteElo "2295"]
[BlackElo "2480"]
[Result "1/2-1/2"]
[Round "09"]
[TimeControl "180+1"]
[Date "2022.03.22"]
[WhiteClock "0:00:08"]
[BlackClock "0:00:05"]

1. b3 e5 2. Bb2 Nc6 3. e3 d5 4. Nf3 e4 5. Nd4 Nxd4 6. Bxd4 c5 7. Bb2 f5 8. d3 Nf6 9. dxe4 fxe4 10. Bb5+ Bd7 11. Bxd7+ Qxd7 12. Bxf6 gxf6 13. Qh5+ Qf7 14. Qf5 Rd8 15. Nc3 Rg8 16. h4 Qd7 17. Qxd7+ Rxd7 18. g3 Kf7 19. O-O-O Ke6 20. Rd2 Be7 21. Rhd1 Rgd8 22. Ne2 f5 23. c4 d4 24. exd4 cxd4 25. Rxd4 Bc5 26. Nf4+ Ke7 27. Nd5+ Ke6 28. R4d2 Ke5 29. Re2 a6 30. Rde1 b5 31. f3 bxc4 32. bxc4 Kd4 33. fxe4 Kxc4 34. Rc2+ Kb5 35. Nc3+ Ka5 36. exf5 Bd6 37. Kb1 Bxg3 38. Re4 Rd4 39. Rxd4 Rxd4 40. Ne2 Rb4+ 41. Kc1 Bxh4 42. Kd2 Rb5 43. Nd4 Rd5 44. Ke3 Bf6 45. Rc4 h5 46. Ke4 Re5+ 47. Kf4 h4 48. Nf3 Rb5 49. Re4 Rb2 50. Re6 Bh8 51. f6 Bxf6 52. Rxf6 Rxa2 53. Nxh4 Rf2+ 54. Nf3 Kb5 55. Ke4 Re2+ 56. Kd3 Re8 57. Nd4+ Ka5 58. Nc6+ Ka4 59. Rf4+ Ka3 60. Nd4 a5 61. Nc2+ Kb3 62. Rf1 Rd8+ 63. Nd4+ Kb2 64. Rf2+ Ka3 65. Rf1 a4 66. Ra1+ Kb4 67. Rb1+ Kc5 68. Rb5+ Kd6 69. Ra5 Rh8 70. Rxa4 Rh3+ 71. Kc4 Rh4 72. Ra6+ Ke5 73. Re6+ Kf4 74. Kd5 Rh5+ 75. Kc4 Rh4 76. Re8 Rh7 77. Kd3 Rh3+ 78. Kc4 Rh7 79. Rf8+ Ke5 80. Nc6+ Kd6 81. Nd4 Rh4 82. Kd3 Rh3+ 83. Rf3 Rxf3+ 84. Nxf3 1/2-1/2


[Site "https://www.chess.com"]

[Event "Titled Tuesday Blitz March 22 Late 2022"]
[White "Celestino, Rafael Teixeira"]
[Black "Broca Jimenez, Fernando"]
[WhiteFideId "2108925"]
[BlackFideId "5104742"]
[WhiteElo "2309"]
[BlackElo "2062"]
[Result "1-0"]
[Round "09"]
[TimeControl "180+1"]
[Date "2022.03.22"]
[WhiteClock "0:01:28"]
[BlackClock "0:00:09"]

1. e4 c5 2. Nf3 d6 3. Bc4 Nf6 4. d3 Nc6 5. O-O e6 6. Re1 Be7 7. Bg5 O-O 8. e5 dxe5 9. Nxe5 Nxe5 10. Rxe5 h6 11. Bh4 b6 12. Qf3 Rb8 13. Nc3 Bb7 14. Qe2 Qc7 15. Re1 a6 16. Bb3 Rbc8 17. Rxe6 fxe6 18. Qxe6+ Kh8 19. Qxe7 Rce8 20. Bxf6 Rxe7 21. Rxe7 Rc8 22. Bxg7+ Kh7 23. Rxc7 Rxc7 24. Bf6 Rc6 25. Bh4 Rg6 26. Ne4 b5 27. f3 Re6 28. Bxe6 1-0


[Site "https://www.chess.com"]

[Event "Titled Tuesday Blitz March 22 Late 2022"]
[White "Clawitter, Craig"]
[Black "Adewumi, Tanitoluwa"]
[WhiteFideId "2023105"]
[BlackFideId "30966396"]
[WhiteElo "2238"]
[BlackElo "2540"]
[Result "1/2-1/2"]
[Round "09"]
[TimeControl "180+1"]
[Date "2022.03.22"]
[WhiteClock "0:00:21"]
[BlackClock "0:00:15"]

1. e4 c5 2. Nf3 d6 3. d4 cxd4 4. Nxd4 Nf6 5. Nc3 e6 6. g4 a6 7. g5 Nfd7 8. f4 b5 9. Be3 Bb7 10. a3 g6 11. h4 h6 12. Qf3 hxg5 13. hxg5 Rxh1 14. Qxh1 Nc6 15. O-O-O Qc7 16. Qh7 Nc5 17. Nxc6 Bxc6 18. Bxc5 dxc5 19. Bh3 Qxf4+ 20. Kb1 Ra7 21. Bxe6 b4 22. axb4 cxb4 23. Nd5 Qxg5 24. Rf1 Bxd5 25. Bxd5 Qh6 26. Bxf7+ Kd8 27. Qxg6 Qxg6 28. Bxg6 Bg7 29. Rf7 Rxf7 30. Bxf7 a5 31. Ka2 Kc7 32. Kb3 Kd6 33. Be8 Ke5 34. Bc6 Kd4 35. c3+ Kc5 36. Be8 Be5 37. Bd7 Bf6 38. Be8 Be5 39. Bd7 Bh8 40. Be8 Bg7 41. Bd7 Bf8 42. Be8 Bd6 43. Ka4 bxc3 44. bxc3 Be5 45. Kb3 Bf6 46. Bf7 Be5 47. Bd5 Bg7 48. Bf7 Be5 49. Bd5 a4+ 50. Kxa4 Bxc3 51. Kb3 Be5 52. Kc2 Bd6 53. Kd3 Be5 54. Ke2 Bd6 55. Kf3 Be5 56. Kg4 Bd6 57. Kf5 Bc7 58. Ke6 Bb8 59. Kd7 Bh2 60. Ke6 Bg3 61. Kf5 Bh2 62. Ke6 Bg1 63. Kf5 Bh2 64. Ke6 1/2-1/2


[Site "https://www.chess.com"]

[Event "Titled Tuesday Blitz March 22 Late 2022"]
[White "Costachi, Mihnea"]
[Black "Rastbod, Ali"]
[WhiteFideId "1217518"]
[BlackFideId "12567477"]
[WhiteElo "2464"]
[BlackElo "2200"]
[Result "1-0"]
[Round "09"]
[TimeControl "180+1"]
[Date "2022.03.22"]
[WhiteClock "0:01:11"]
[BlackClock "0:00:07"]

1. d4 Nf6 2. c4 e6 3. Nf3 Bb4+ 4. Bd2 Qe7 5. g3 b6 6. Nc3 Bb7 7. Bg2 O-O 8. O-O d6 9. Re1 Bxc3 10. Bxc3 Ne4 11. Rc1 Nd7 12. Qc2 f5 13. b3 c5 14. Bb2 Rad8 15. Nd2 Ndf6 16. f3 Nxd2 17. Qxd2 e5 18. e3 e4 19. f4 d5 20. Qc2 dxc4 21. Qxc4+ Bd5 22. Qa4 cxd4 23. Bxd4 Rc8 24. Bf1 Qe6 25. Ba6 Rc6 26. Bb5 Rxc1 27. Rxc1 a5 28. Ba6 h6 29. Rc7 Rf7 30. Rc8+ Kh7 31. Qb5 Nd7 32. Rc7 g5 33. Bc8 gxf4 34. Bxd7 Qg6 35. Qxd5 fxg3 36. Bxf5 gxh2+ 37. Kxh2 Qxf5 38. Qxf5+ 1-0


[Site "https://www.chess.com"]

[Event "Titled Tuesday Blitz March 22 Late 2022"]
[White "Cramling Bellon, Anna"]
[Black "Romero Ruscalleda, Josep"]
[WhiteFideId "32009232"]
[BlackFideId "2231859"]
[WhiteElo "1905"]
[BlackElo "2269"]
[Result "0-1"]
[Round "09"]
[TimeControl "180+1"]
[Date "2022.03.22"]
[WhiteClock "0:00:02"]
[BlackClock "0:00:24"]

1. d4 g6 2. c4 Bg7 3. e4 d6 4. Nc3 e5 5. d5 Ne7 6. h3 f5 7. Nf3 O-O 8. Be2 a5 9. Bg5 Na6 10. Qd2 Nc5 11. exf5 Bxf5 12. O-O-O a4 13. g4 Ne4 14. Nxe4 Bxe4 15. Qe3 Bxf3 16. Bxf3 Qd7 17. Be4 a3 18. b3 b5 19. c5 dxc5 20. Qxc5 Nc8 21. d6 Nxd6 22. Bc6 Qc8 23. Bxa8 Qxa8 24. Qd5+ Qxd5 25. Rxd5 Rxf2 26. Rd2 Rf3 27. Be7 Ne4 28. Re2 Nc3 29. Rc2 e4 30. Bxa3 Kf7 31. Bb4 Nd5 32. Ba5 b4 33. Bxc7 Bh6+ 34. Kd1 Nc3+ 35. Ke1 Ke6 36. Bb6 Bf4 37. Bc5 Bg3+ 38. Kd2 Nd5 39. Rc4 Bf4+ 40. Ke2 Nc3+ 41. Ke1 Nxa2 42. Bxb4 Rxb3 43. Rxe4+ Kd5 44. Rxf4 Rb1+ 45. Ke2 Rxh1 46. Bd2 Rh2+ 47. Rf2 Rxh3 48. g5 Nc3+ 49. Ke1 Ne4 50. Re2 Rh1# 0-1


[Site "https://www.chess.com"]

[Event "Titled Tuesday Blitz March 22 Late 2022"]
[White "Deac, Bogdan-Daniel"]
[Black "Matlakov, Maxim"]
[WhiteFideId "1226380"]
[BlackFideId "4168003"]
[WhiteElo "2646"]
[BlackElo "2669"]
[Result "0-1"]
[Round "09"]
[TimeControl "180+1"]
[Date "2022.03.22"]
[WhiteClock "0:00:04"]
[BlackClock "0:00:17"]

1. d4 Nf6 2. c4 e6 3. Nf3 Bb4+ 4. Bd2 Bxd2+ 5. Qxd2 d5 6. g3 O-O 7. Bg2 c6 8. Na3 Nbd7 9. O-O b6 10. Rac1 Bb7 11. Qf4 Rc8 12. Rfd1 Qe7 13. cxd5 Nxd5 14. Qh4 Qxh4 15. Nxh4 c5 16. Nb5 cxd4 17. Nxd4 Nc5 18. Nb5 Rcd8 19. Nf3 a6 20. Nbd4 Na4 21. Rd2 Rc8 22. Rcd1 Nf6 23. b3 Nc3 24. Rc1 Nfe4 25. Rdc2 Nxa2 26. Rxc8 Rxc8 27. Rxc8+ Bxc8 28. Ne5 Nac3 29. Nc4 b5 30. Nb6 Bb7 31. f3 Nd2 32. b4 e5 33. Nc2 Nxe2+ 34. Kf2 Nc3 35. Ke3 Nc4+ 36. Nxc4 bxc4 37. Kd2 Nb5 38. Ne3 c3+ 39. Kd3 Nd4 40. f4 Bxg2 41. Nxg2 c2 42. Kd2 Nc6 43. fxe5 Nxb4 44. Ne3 Kf8 45. Nc4 Ke7 0-1


[Site "https://www.chess.com"]

[Event "Titled Tuesday Blitz March 22 Late 2022"]
[White "Estrada Nieto, Julian"]
[Black "Zhou, Qiyu"]
[WhiteFideId "5101018"]
[BlackFideId "505161"]
[WhiteElo "2246"]
[BlackElo "1925"]
[Result "1-0"]
[Round "09"]
[TimeControl "180+1"]
[Date "2022.03.22"]
[WhiteClock "0:01:03"]
[BlackClock "0:00:01"]

1. e4 e5 2. Nf3 Nc6 3. Bb5 a6 4. Ba4 Nf6 5. O-O b5 6. Bb3 Be7 7. Re1 O-O 8. a4 b4 9. d4 d6 10. dxe5 Nxe5 11. Nxe5 dxe5 12. Qf3 Bb7 13. Bg5 Qc8 14. Bxf6 Bxf6 15. Nd2 c5 16. Nc4 Qc7 17. Ne3 Rad8 18. Nd5 Bxd5 19. Bxd5 a5 20. Rad1 Rd6 21. Qe2 Rfd8 22. g3 c4 23. Qe3 h6 24. h4 Qd7 25. b3 c3 26. Kg2 Qc7 27. Rf1 Kh8 28. Qf3 Qc5 29. Rd3 R6d7 30. Rfd1 Qe7 31. Kh3 Rd6 32. Qh5 R8d7 33. Qf5 g6 34. Qf3 Bg7 35. h5 f5 36. hxg6 1-0


[Site "https://www.chess.com"]

[Event "Titled Tuesday Blitz March 22 Late 2022"]
[White "Ezat, Mohamed"]
[Black "Fishbein, Alexander"]
[WhiteFideId "10600906"]
[BlackFideId "2000377"]
[WhiteElo "2386"]
[BlackElo "2442"]
[Result "0-1"]
[Round "09"]
[TimeControl "180+1"]
[Date "2022.03.22"]
[WhiteClock "0:00:11"]
[BlackClock "0:00:13"]

1. d4 Nf6 2. c4 g6 3. Nc3 Bg7 4. e4 O-O 5. Be2 d6 6. Bg5 c6 7. Qd2 a6 8. Nf3 b5 9. a3 bxc4 10. Bxc4 Nbd7 11. e5 dxe5 12. dxe5 Nb6 13. Ba2 Qxd2+ 14. Nxd2 Ng4 15. f4 Ne3 16. Kf2 Nf5 17. g4 h6 18. gxf5 hxg5 19. fxg6 e6 20. Nf3 fxg6 21. Nxg5 Bxe5 22. Nxe6 Bxe6 23. Bxe6+ Kg7 24. f5 Rad8 25. Rad1 Rxd1 26. Rxd1 Bxh2 27. Kg2 Be5 28. Ne4 gxf5 29. Nc5 Bxb2 30. Bb3 Re8 31. a4 a5 32. Rd6 Ba3 33. Ne6+ Kh8 34. Rxc6 Nd7 35. Nf4 Ne5 36. Rc7 Bb4 37. Rb7 Re7 38. Rb6 Kg7 39. Nh5+ Kh7 40. Kh3 Ng6 41. Bc2 Re3+ 42. Ng3 Nf4+ 43. Kh4 Be7+ 44. Rf6 Bxf6# 0-1


[Site "https://www.chess.com"]

[Event "Titled Tuesday Blitz March 22 Late 2022"]
[White "Fieberg, Samuel"]
[Black "Zhurbinsky, David"]
[WhiteFideId "12901717"]
[BlackFideId "2072904"]
[WhiteElo "2462"]
[BlackElo "2557"]
[Result "0-1"]
[Round "09"]
[TimeControl "180+1"]
[Date "2022.03.22"]
[WhiteClock "0:01:20"]
[BlackClock "0:00:56"]

1. e4 e5 2. Nf3 Nc6 3. Bc4 Bc5 4. c3 Nf6 5. d3 O-O 6. O-O d6 7. h3 a6 8. a4 Qe7 9. Re1 Be6 10. Nbd2 Ba7 11. Qb3 Na5 12. Qa2 Nxc4 13. dxc4 Nd7 14. b3 f5 15. exf5 Rxf5 16. Ne4 h6 17. Be3 Bxe3 18. Rxe3 Raf8 19. Ng3 Rf4 20. Rae1 Bxh3 21. Nxe5 Nxe5 22. gxh3 Nf3+ 23. Kf1 Qh4 24. Rd1 Qxh3+ 25. Ke2 Qg4 26. Kf1 Nh2+ 0-1


[Site "https://www.chess.com"]

[Event "Titled Tuesday Blitz March 22 Late 2022"]
[White "Fiol, Fabrice"]
[Black "Curtis, John"]
[WhiteFideId "611670"]
[BlackFideId "3200256"]
[WhiteElo "2411"]
[BlackElo "2203"]
[Result "1-0"]
[Round "09"]
[TimeControl "180+1"]
[Date "2022.03.22"]
[WhiteClock "0:00:57"]
[BlackClock "0:00:58"]

1. e4 c5 2. Nf3 d6 3. Bb5+ Bd7 4. Bxd7+ Qxd7 5. O-O e6 6. c3 Nf6 7. Re1 Be7 8. d4 cxd4 9. cxd4 O-O 10. Nc3 d5 11. e5 Ne8 12. h4 Nc7 13. Bg5 a6 14. Re3 b5 15. Qd3 Nc6 16. Bxe7 Nxe7 17. Ng5 g6 18. h5 Nf5 19. Rh3 b4 20. Ne2 Qe7 21. Nxh7 Kxh7 22. hxg6+ Kg7 23. Rh7+ Kxg6 24. Qh3 Rh8 25. Qh5# 1-0


[Site "https://www.chess.com"]

[Event "Titled Tuesday Blitz March 22 Late 2022"]
[White "Godzwon, Iwo"]
[Black "Oganian, Miran"]
[WhiteFideId "21802483"]
[BlackFideId "4122488"]
[WhiteElo "2201"]
[BlackElo "2357"]
[Result "1-0"]
[Round "09"]
[TimeControl "180+1"]
[Date "2022.03.22"]
[WhiteClock "0:00:14"]
[BlackClock "0:00:06"]

1. e4 e6 2. d4 d5 3. Nd2 Nc6 4. Ngf3 Nf6 5. e5 Nd7 6. Be2 Be7 7. Nf1 O-O 8. Ne3 f6 9. exf6 Nxf6 10. O-O b6 11. c4 Bd6 12. a3 Bb7 13. Qc2 Ne4 14. cxd5 exd5 15. Nxd5 Nxd4 16. Nxd4 Bxd5 17. Bc4 Bxc4 18. Qxc4+ Kh8 19. Ne6 Bxh2+ 20. Kxh2 Qh4+ 21. Kg1 Rxf2 22. Bf4 Rxf1+ 23. Rxf1 Ng3 24. Rf3 Qh1+ 25. Kf2 Nf5 26. Qe4 Qh4+ 27. Kg1 Re8 28. Qxf5 Qe1+ 29. Rf1 Qxe6 30. Qxe6 Rxe6 31. Bxc7 h6 32. Bg3 Kh7 33. Rf7 a5 34. Rb7 Kg6 35. Bf2 Re2 36. Rxb6+ Kh5 37. Rb5+ g5 38. Kf1 Rc2 39. b3 Rb2 40. a4 Rb1+ 41. Be1 Kg4 42. Kf2 h5 43. Bxa5 Rb2+ 44. Kf1 h4 45. Be1 Kf4 46. Rb4+ Kf5 47. a5 g4 48. Bxh4 Ra2 49. Be1 Rxa5 50. Rf4+ Kxf4 51. Bxa5 Kg3 52. Be1+ Kh2 53. b4 Kh1 54. b5 g3 55. b6 Kh2 56. Bxg3+ Kh1 57. Bf2 Kh2 58. b7 Kh1 59. Be3 Kh2 60. b8=Q+ Kh1 61. Qh8# 1-0


[Site "https://www.chess.com"]

[Event "Titled Tuesday Blitz March 22 Late 2022"]
[White "Golubka, Petro"]
[Black "Demchenko, Anton"]
[WhiteFideId "14114224"]
[BlackFideId "4160258"]
[WhiteElo "2346"]
[BlackElo "2539"]
[Result "0-1"]
[Round "09"]
[TimeControl "180+1"]
[Date "2022.03.22"]
[WhiteClock "0:01:21"]
[BlackClock "0:00:59"]

1. d4 Nf6 2. Bg5 g6 3. Nd2 Bg7 4. c3 d6 5. Qc2 O-O 6. e4 e5 7. dxe5 dxe5 8. Ngf3 Qe7 9. O-O-O h6 10. Bh4 Nbd7 11. g4 Qe6 12. g5 hxg5 13. Bc4 Qh3 14. Bg3 Nh7 15. a4 Qh5 16. h4 g4 17. Ng1 Kh8 18. Ne2 f5 19. exf5 gxf5 20. Bd3 Nc5 21. Bc4 f4 22. b4 Bf5 23. Qa2 Nd3+ 0-1


[Site "https://www.chess.com"]

[Event "Titled Tuesday Blitz March 22 Late 2022"]
[White "Goryachkina, Aleksandra"]
[Black "Le Goff, Ronan"]
[WhiteFideId "4147103"]
[BlackFideId "612073"]
[WhiteElo "2426"]
[BlackElo "2276"]
[Result "1-0"]
[Round "09"]
[TimeControl "180+1"]
[Date "2022.03.22"]
[WhiteClock "0:00:18"]
[BlackClock "0:00:03"]

1. e4 e5 2. Nf3 Nc6 3. d4 exd4 4. Bc4 Nf6 5. O-O Nxe4 6. Re1 d5 7. Bxd5 Qxd5 8. Nc3 Qd7 9. Nxe4 Be7 10. Bg5 O-O 11. Bxe7 Qxe7 12. Nxd4 Bd7 13. Qh5 Rae8 14. Re3 h6 15. Nc5 Qd8 16. Rd1 Rxe3 17. fxe3 Qe7 18. Nxd7 Qxd7 19. Nf5 Qe6 20. Rf1 Ne5 21. b3 Rd8 22. Qh4 Rd7 23. Qg3 Ng6 24. h4 h5 25. Qg5 Rd2 26. Qxh5 Qe4 27. Qg5 1-0


[Site "https://www.chess.com"]

[Event "Titled Tuesday Blitz March 22 Late 2022"]
[White "Grischuk, Alexander"]
[Black "Bluebaum, Matthias"]
[WhiteFideId "4126025"]
[BlackFideId "24651516"]
[WhiteElo "2762"]
[BlackElo "2550"]
[Result "1/2-1/2"]
[Round "09"]
[TimeControl "180+1"]
[Date "2022.03.22"]
[WhiteClock "0:00:06"]
[BlackClock "0:00:12"]

1. e4 c6 2. d4 d5 3. e5 Bf5 4. Nf3 e6 5. Be2 c5 6. Be3 Qb6 7. Nc3 Nc6 8. Na4 Qa5+ 9. c3 c4 10. b4 Bxb4 11. cxb4 Nxb4 12. Nc5 Nc2+ 13. Kf1 Nxa1 14. Qxa1 Qb5 15. Qd1 Ne7 16. Nh4 Qb1 17. g4 Bc2 18. Qxb1 Bxb1 19. Kg2 Bxa2 20. Ra1 Bb3 21. Nxb7 O-O 22. Na5 Rfb8 23. Bd2 Bc2 24. Bc3 Rb6 25. Nf3 Rab8 26. Nd2 g5 27. Rc1 Bb1 28. h4 h6 29. h5 Kg7 30. Kg3 Bd3 31. Bxd3 cxd3 32. Kf3 Rc8 33. Ke3 Ra6 34. Ndb3 Nc6 35. Nxc6 Rcxc6 36. Kxd3 Ra2 37. f3 a5 38. Nc5 a4 39. Rb1 Rc7 40. Ba5 Ra3+ 41. Ke2 Rc8 42. Rb7 Kg8 43. Ra7 Ra2+ 44. Kd3 Ra3+ 45. Bc3 Rb8 46. Rxa4 Rxa4 47. Nxa4 Rb1 48. Nc5 Rf1 49. Ke2 Rb1 50. Bd2 Kg7 51. Nd3 Rb3 52. f4 gxf4 53. Bxf4 Ra3 54. Be3 Ra4 55. Kf3 Ra3 56. Nf2 Ra4 57. Nh1 Ra3 58. Ng3 Ra4 59. Ne2 Ra3 60. Nf4 Ra4 61. Nd3 Ra3 62. Nc5 Ra2 63. Nd7 Ra4 64. Nf6 Ra3 65. Ne8+ Kf8 66. Nd6 Kg7 67. Kf4 Rb3 68. Ne8+ Kf8 69. Nf6 Kg7 70. Kf3 Ra3 71. Ke2 Ra2+ 72. Bd2 Ra4 73. Be3 Ra2+ 74. Kf1 Ra3 75. Kf2 Ra2+ 76. Kf3 Ra3 1/2-1/2


[Site "https://www.chess.com"]

[Event "Titled Tuesday Blitz March 22 Late 2022"]
[White "Hakobyan, Aram"]
[Black "Kozak, Adam"]
[WhiteFideId "13306677"]
[BlackFideId "753246"]
[WhiteElo "2557"]
[BlackElo "2459"]
[Result "1-0"]
[Round "09"]
[TimeControl "180+1"]
[Date "2022.03.22"]
[WhiteClock "0:00:30"]
[BlackClock "0:00:20"]

1. e4 c5 2. Nf3 d6 3. Bb5+ Bd7 4. Bxd7+ Qxd7 5. O-O Nc6 6. c3 Nf6 7. d4 cxd4 8. cxd4 Nxe4 9. d5 Ne5 10. Re1 Nxf3+ 11. Qxf3 Nf6 12. Nc3 e5 13. dxe6 fxe6 14. Bg5 Be7 15. Rad1 O-O 16. Qh3 h6 17. Bh4 Kf7 18. Bxf6 Bxf6 19. Ne4 d5 20. Nc5 Qc6 21. Nxe6 Rfe8 22. Nf4 Rxe1+ 23. Rxe1 Re8 24. Qh5+ Kf8 25. Rd1 d4 26. h3 Qe4 27. Nd3 Qe2 28. Qc5+ Kg8 29. Re1 Qxe1+ 30. Nxe1 Rxe1+ 31. Kh2 b6 32. Qd5+ Kf8 33. Kg3 Re5 34. Qa8+ Re8 35. Qxa7 Rd8 36. Qa3+ Kf7 37. Qd3 h5 38. Kf3 h4 39. a4 Ke7 40. Ke4 Rd6 41. b4 Re6+ 42. Kf5 Re5+ 43. Kf4 Re6 44. a5 bxa5 45. bxa5 Kd7 46. a6 Kc7 47. a7 Re8 48. Qc4+ Kb6 49. Qb4+ Kc7 50. Qa5+ Kb7 51. Qb5+ 1-0


[Site "https://www.chess.com"]

[Event "Titled Tuesday Blitz March 22 Late 2022"]
[White "Hambleton, Aman"]
[Black "Swicarz, Maciej"]
[WhiteFideId "2606577"]
[BlackFideId "1113585"]
[WhiteElo "2552"]
[BlackElo "2057"]
[Result "1-0"]
[Round "09"]
[TimeControl "180+1"]
[Date "2022.03.22"]
[WhiteClock "0:00:05"]
[BlackClock "0:00:01"]

1. d4 f5 2. c4 Nf6 3. h4 b6 4. Nh3 Bb7 5. Nf4 e6 6. a3 Qe7 7. Nc3 d6 8. d5 e5 9. Ne6 Bc8 10. e4 fxe4 11. g4 Bxe6 12. dxe6 Qxe6 13. g5 Nfd7 14. Nd5 Kd8 15. Bh3 Qf7 16. Be3 c6 17. Nc3 Qxc4 18. Qg4 Be7 19. Rc1 d5 20. Qe6 Qb3 21. Nxe4 Qxb2 22. Nd6 Bxd6 23. Qxd6 d4 24. Bd2 Qb5 25. Be6 Re8 26. a4 Qxa4 27. O-O Re7 28. Bb4 c5 29. Bd2 Qc6 30. Qxc6 Nxc6 31. Bd5 Rc8 32. f4 e4 33. f5 e3 34. Be1 Re5 35. Bc4 Nb4 36. Bg3 Nc6 37. f6 1-0


[Site "https://www.chess.com"]

[Event "Titled Tuesday Blitz March 22 Late 2022"]
[White "Hartikainen, Jarmo"]
[Black "Piliczewski, Bogusz"]
[WhiteFideId "503134"]
[BlackFideId "1104144"]
[WhiteElo "2090"]
[BlackElo "1896"]
[Result "0-1"]
[Round "09"]
[TimeControl "180+1"]
[Date "2022.03.22"]
[WhiteClock "0:00:04"]
[BlackClock "0:01:10"]

1. e4 c6 2. d4 d5 3. Nc3 dxe4 4. Nxe4 Bf5 5. Ng3 Bg6 6. h4 h6 7. Bc4 e6 8. N1e2 Bd6 9. Nf4 Bxf4 10. Bxf4 Nf6 11. c3 O-O 12. Bd3 Bxd3 13. Qxd3 Nd5 14. Bd2 Nd7 15. O-O-O b5 16. Ne4 a5 17. g4 b4 18. c4 Ne7 19. g5 h5 20. Rhg1 Ne5 21. Qg3 Nxc4 22. Nf6+ Kh8 23. Qf3 g6 24. Nxh5 gxh5 25. Qf6+ Kg8 26. Bf4 Ng6 27. Be5 Ncxe5 28. dxe5 Qxf6 29. exf6 Rfd8 30. Kc2 Rd5 31. Rxd5 cxd5 32. Kd3 Rc8 33. b3 Nxh4 34. Re1 Nf3 35. Re3 Nh4 36. Kd4 Nf5+ 37. Kd3 Nxe3 0-1


[Site "https://www.chess.com"]

[Event "Titled Tuesday Blitz March 22 Late 2022"]
[White "Holt, Conrad"]
[Black "Vasquez Schroeder, Rodrigo"]
[WhiteFideId "2034387"]
[BlackFideId "3400042"]
[WhiteElo "2586"]
[BlackElo "2561"]
[Result "0-1"]
[Round "09"]
[TimeControl "180+1"]
[Date "2022.03.22"]
[WhiteClock "0:00:05"]
[BlackClock "0:01:08"]

1. d4 d5 2. c4 c6 3. Nc3 Nf6 4. e3 e6 5. Bd3 Nbd7 6. e4 dxe4 7. Nxe4 Bb4+ 8. Bd2 Bxd2+ 9. Qxd2 Nxe4 10. Bxe4 Nf6 11. Bc2 Qc7 12. Nf3 c5 13. O-O O-O 14. dxc5 Qxc5 15. Rac1 b6 16. b4 Qc7 17. Rfd1 Bb7 18. Nd4 Rfd8 19. Qg5 Qxc4 20. Bxh7+ Nxh7 21. Qxd8+ Rxd8 22. Rxc4 e5 23. Rc7 Ba8 24. Rdc1 exd4 25. Rc8 Rf8 26. f3 Bd5 27. R8c2 Ng5 28. f4 Ne6 29. f5 Nf4 30. Rf1 d3 31. Rc7 Nxg2 32. Rd7 Ne3 33. Rf2 Bc4 34. Rd4 b5 35. Rf3 Re8 36. Kf2 Nd1+ 37. Kg3 Nc3 38. a3 Ne2+ 39. Kh4 Nxd4 0-1


[Site "https://www.chess.com"]

[Event "Titled Tuesday Blitz March 22 Late 2022"]
[White "Horak, Martin"]
[Black "Iskusnyh, Sergei"]
[WhiteFideId "367095"]
[BlackFideId "4120027"]
[WhiteElo "1997"]
[BlackElo "2492"]
[Result "0-1"]
[Round "09"]
[TimeControl "180+1"]
[Date "2022.03.22"]
[WhiteClock "0:00:01"]
[BlackClock "0:01:37"]

1. e4 e6 2. d4 d5 3. Nd2 c5 4. exd5 exd5 5. Bb5+ Nc6 6. Ngf3 cxd4 7. O-O Bd6 8. Nb3 Ne7 9. Nbxd4 O-O 10. h3 Nxd4 11. Nxd4 Bc7 12. Bd3 Qd6 13. Nf3 Ng6 14. Re1 Bd7 15. Bg5 Rfe8 16. Qd2 h6 17. Be3 Rad8 18. Bd4 Nh4 19. Ne5 f6 20. Bc5 Qxc5 21. Nxd7 Qd6 22. Rxe8+ Rxe8 23. Nxf6+ Qxf6 0-1


[Site "https://www.chess.com"]

[Event "Titled Tuesday Blitz March 22 Late 2022"]
[White "Jaferian, Koosha"]
[Black "Rustemov, Alexander"]
[WhiteFideId "12507440"]
[BlackFideId "4119002"]
[WhiteElo "2030"]
[BlackElo "2785"]
[Result "0-1"]
[Round "09"]
[TimeControl "180+1"]
[Date "2022.03.22"]
[WhiteClock "0:00:29"]
[BlackClock "0:00:19"]

1. Nf3 d5 2. b3 Nf6 3. Bb2 Bf5 4. g3 e6 5. Bg2 Be7 6. O-O O-O 7. d3 h6 8. Nbd2 c5 9. e3 Nc6 10. Qe2 Qc7 11. Ne1 e5 12. e4 dxe4 13. dxe4 Be6 14. Nc4 Nd4 15. Qd1 Rfd8 16. Nd3 b5 17. Na3 c4 18. Bxd4 cxd3 19. Bb2 Bxa3 20. Bxa3 dxc2 21. Qe2 Rac8 22. Bb2 Qc5 23. Rac1 b4 24. Kh1 a5 25. f4 Bg4 26. Bf3 Bxf3+ 27. Qxf3 Qc6 28. Rfe1 exf4 29. gxf4 Rd2 30. Bxf6 Qxf6 31. e5 Qc6 32. Rf1 Qxf3+ 33. Rxf3 Rd1+ 34. Rf1 Rxf1+ 35. Rxf1 Rd8 0-1


[Site "https://www.chess.com"]

[Event "Titled Tuesday Blitz March 22 Late 2022"]
[White "Janturin, Artur"]
[Black "Fajdetic, Hrvoje"]
[WhiteFideId "4130022"]
[BlackFideId "14501945"]
[WhiteElo "2341"]
[BlackElo "2172"]
[Result "1-0"]
[Round "09"]
[TimeControl "180+1"]
[Date "2022.03.22"]
[WhiteClock "0:00:19"]
[BlackClock "0:00:19"]

1. b3 e6 2. Bb2 f5 3. d3 Nf6 4. g3 d6 5. Bg2 e5 6. Nd2 Be7 7. e4 c6 8. Ne2 O-O 9. O-O Qe8 10. d4 fxe4 11. dxe5 dxe5 12. Nxe4 Nxe4 13. Bxe4 Bc5 14. Qd3 Qh5 15. Qc4+ Rf7 16. Qxc5 Qxe2 17. Rfe1 Qh5 18. Qxe5 Qxe5 19. Bxe5 Nd7 20. Bb2 Nf6 21. Bg2 Bf5 22. c4 a5 23. h3 h6 24. g4 Bg6 25. f4 Rd7 26. f5 Bf7 27. Rad1 Rxd1 28. Rxd1 a4 29. Ra1 Nd7 30. Bd4 axb3 31. axb3 Rxa1+ 32. Bxa1 Nc5 33. b4 Nd3 34. b5 Bxc4 35. bxc6 bxc6 36. Bxc6 Kf7 37. Kh2 g6 38. fxg6+ Kxg6 39. Be4+ Kf7 40. Bc3 Nc5 41. Bf5 Ne6 42. Kg3 Ng7 43. Be4 h5 44. g5 Be6 45. h4 Bg4 46. Bd5+ Kg6 47. Be4+ Kf7 48. Bd5+ Kg6 49. Bxg7 Kxg7 50. Kf4 Kg6 51. Ke5 Bd1 52. Be4+ Kg7 53. Kf5 Bg4+ 54. Kf4 Bd1 55. Bf3 Bxf3 56. Kxf3 Kg6 57. Kf4 Kg7 58. Kf5 Kf7 59. g6+ Kg7 60. Kg5 Kh8 61. Kxh5 Kg8 62. Kg5 Kh8 63. h5 Kg8 64. h6 Kh8 65. Kf6 Kg8 66. g7 Kh7 67. Kf7 1-0


[Site "https://www.chess.com"]

[Event "Titled Tuesday Blitz March 22 Late 2022"]
[White "Jary, Sergey"]
[Black "Ibarra Jerez, Jose Carlos"]
[WhiteFideId "14110350"]
[BlackFideId "2226332"]
[WhiteElo "2260"]
[BlackElo "2626"]
[Result "1-0"]
[Round "09"]
[TimeControl "180+1"]
[Date "2022.03.22"]
[WhiteClock "0:00:24"]
[BlackClock "0:00:04"]

1. e4 c5 2. Nf3 e6 3. c4 Nc6 4. Nc3 Nf6 5. d4 cxd4 6. Nxd4 Bb4 7. Nxc6 bxc6 8. Bd3 e5 9. O-O Bc5 10. Na4 Bd4 11. Be3 Bxe3 12. fxe3 d6 13. c5 d5 14. exd5 Nxd5 15. Be4 g6 16. Bxd5 cxd5 17. Nc3 Be6 18. Qa4+ Kf8 19. Rad1 Qg5 20. Kh1 Kg7 21. c6 Rhd8 22. Qa5 Qxe3 23. Nxd5 Qe2 24. Nc3 Rxd1 25. Rxd1 Qe3 26. Qc7 Rc8 27. Qd6 Kh6 28. c7 Qb6 29. Qxb6 axb6 30. Nb5 Bc4 31. Rd8 Be6 32. Rxc8 Bxc8 33. Nd6 Be6 34. c8=Q Bxc8 35. Nxc8 b5 36. Nd6 f5 37. Kg1 b4 38. a4 bxa3 39. bxa3 Kg5 40. Kf2 Kf6 41. a4 Ke6 42. Nc4 Kd5 43. a5 e4 44. Ke3 Kc5 45. h4 Kb5 46. g3 h6 47. Kf4 Kxc4 48. a6 Kd3 49. a7 e3 50. a8=Q e2 51. Qd5+ Kc2 52. Qc6+ Kd2 53. Qd6+ Ke1 54. Qxg6 Kf2 55. Qe6 e1=Q 56. Qxe1+ Kxe1 57. Kxf5 Kf2 58. g4 Kg3 59. g5 Kxh4 60. g6 Kg3 61. g7 Kh4 62. g8=Q Kh5 63. Qg4# 1-0


[Site "https://www.chess.com"]